Map: [ESL] Stargazers

Players

Spirit - Winner!

  • Race: Terran Terran
  • Spawn Location: 1:00

goblin

  • Race: Protoss Protoss
  • Spawn Location: 11:00

Event: DreamHack SC2 Masters 2022 Atlanta (Online)

VOD

Have the link to the VOD?

Description

Time

  • Played on: Oct. 12, 2022, 11:40 a.m.
  • Length: 10:08

All games in this series

Show
View Real Time Build Order
Export as new Build Order

Spirit Terran - Winner!

Build Orders: Banshee Rush 

Get SALT Encoding   

  12  0:00  SCV  
  13  0:12  SCV  
  14  0:17  Supply Depot  
  14  0:24  SCV  
  15  0:38  SCV  
  15  0:41  Barracks  
  16  0:44  Refinery  
  16  0:51  SCV  
  17  1:03  SCV  
  18  1:16  SCV  
  19  1:29  Orbital Command, Marine  
  20  1:47  Reaper  
  20  1:51  Command Center  
  21  1:56  SCV  
  21  1:59  Supply Depot  
  22  2:08  SCV  
  23  2:11  Factory  
  23  2:19  Bunker  
  23  2:21  SCV  
  24  2:25  Barracks Reactor  
  24  2:28  Refinery  
  24  2:33  SCV  
  25  2:45  SCV  
  26  2:57  SCV  
  26  2:59  Hellion, Starport  
  26  3:02  Orbital Command  
  26  3:05  Marine  
  28  3:07  Marine  
  28  3:11  SCV  
  31  3:20  Supply Depot  
  31  3:22  Factory Tech Lab  
  31  3:23  SCV  
  31  3:25  Marine x2  
  34  3:28  SCV  
  35  3:35  SCV  
  35  3:40  SCV  
  37  3:44  Cloaking Field  
  37  3:45  Banshee  
  37  3:47  SCV  
  37  3:48  Factory Tech Lab  
  41  3:52  SCV, Marine  
  41  3:53  Marine  
  44  3:59  SCV  
  44  4:02  Supply Depot  
  45  4:04  SCV  
  45  4:06  Siege Tank  
  49  4:10  Marine  
  49  4:11  SCV  
  49  4:16  SCV  
  52  4:22  Barracks  
  52  4:24  Engineering Bay, SCV, Refinery  
  52  4:28  SCV, Banshee  
  56  4:36  SCV  
  56  4:37  Supply Depot, Marine  
  58  4:41  SCV  
  57  4:47  Bunker  
  57  4:48  SCV  
  57  4:49  Bunker  
  58  4:53  SCV  
  58  4:54  Marine x2  
  58  4:56  Missile Turret  
  58  4:59  Siege Tank  
  64  5:00  SCV  
  65  5:10  SCV  
  65  5:12  Marine x2  
  68  5:17  Barracks Tech Lab  
  68  5:18  Supply Depot, SCV  
  69  5:22  SCV  
  70  5:31  Marine x2  
  70  5:35  Siege Tank  
  70  5:36  SCV  
  70  5:38  Banshee  
  70  5:39  SCV  
  70  5:44  Marine  
  70  5:48  SCV  
  70  5:49  Stimpack, Marine x2  
  74  5:51  Barracks  
  74  6:02  Marine  
  75  6:06  SCV x2  
  75  6:07  Siege Tank, Marine x2  
  75  6:08  Barracks  
  80  6:15  Supply Depot  
  80  6:16  Supply Depot  
  77  6:34  SCV x2  
  77  6:38  Command Center  
  79  6:44  Refinery, Barracks  
  79  6:46  SCV  
  80  6:47  Starport Reactor  
  80  6:53  SCV  
  81  6:59  Combat Shield, Marine, Marauder  
  81  7:01  SCV, Factory Reactor  
  85  7:02  Terran Infantry Weapons Level 1  
  85  7:03  Barracks Reactor, Marine  
  83  7:09  SCV, Marauder  
  86  7:16  Marine  
  86  7:17  Supply Depot x2, SCV  
  88  7:26  Marauder, Marine  
  88  7:27  Medivac  
  88  7:29  Concussive Shells  
  93  7:30  Marauder  
  93  7:34  Marine  
  93  7:35  Barracks Tech Lab  
  96  7:43  Marine  
  97  7:46  Supply Depot, Marine  
  97  7:48  Marauder  
  97  7:49  Medivac  
  97  7:50  Widow Mine x2  
  106  7:51  Orbital Command  
  106  7:52  Marauder  
  106  7:57  Medivac  
  110  8:00  Marine x2  
  110  8:04  Marine x3  
  112  8:11  Widow Mine x2, Marauder  
  118  8:13  Marine  
  118  8:19  Medivac  
  121  8:20  Marine  
  121  8:22  Marauder, Orbital Command  
  121  8:24  Marine  
  125  8:27  Supply Depot  
  125  8:29  Supply Depot, SCV x2  
  125  8:31  Marauder  
  125  8:32  Marauder  
  125  8:33  Widow Mine  
  133  8:38  Marine  
  133  8:40  Marine  
  133  8:49  Medivac, Widow Mine, Marine x3  
  133  8:52  Marine  
  133  8:54  Widow Mine  
  133  8:55  Marine  
  144  8:58  Medivac  
  144  8:59  Marine  
  144  9:01  SCV  
  147  9:03  SCV  
  147  9:05  SCV  
  147  9:11  Widow Mine  
  147  9:15  SCV, Marine  
  146  9:17  Supply Depot, Marauder  
  146  9:18  SCV  
  146  9:19  Supply Depot  
  146  9:21  Marine  
  146  9:22  Marine  
  146  9:24  SCV, Marine  
  139  9:27  Marauder, Marine  
  139  9:28  SCV  
  139  9:30  SCV  
  146  9:35  Supply Depot  
  146  9:36  Supply Depot  
  146  9:39  Supply Depot  
  146  9:41  Marauder, Marine  
  151  9:45  Marine  
  151  9:48  Marine  
  158  9:56  Refinery x2  
Show
View Real Time Build Order
Export as new Build Order

goblin Protoss 

Build Orders: 1 Gate Expand, Blink Stalkers 

Get SALT Encoding   

  12  0:00  Probe  
  13  0:13  Probe  
  14  0:17  Pylon  
  14  0:25  Probe (Chrono Boost)  
  15  0:36  Gateway  
  15  0:37  Probe (Chrono Boost)  
  16  0:44  Probe (Chrono Boost)  
  16  0:45  Assimilator  
  17  0:51  Probe  
  18  1:03  Probe  
  19  1:15  Probe  
  20  1:23  Nexus  
  20  1:33  Cybernetics Core  
  20  1:35  Probe  
  21  1:42  Assimilator  
  21  1:47  Probe  
  21  1:51  Pylon  
  22  1:59  Probe (Chrono Boost)  
  23  2:10  Adept  
  23  2:12  Probe (Chrono Boost)  
  26  2:15  Warp Gate  
  26  2:20  Probe (Chrono Boost)  
  27  2:23  Twilight Council  
  27  2:26  Probe (Chrono Boost)  
  28  2:35  Probe (Chrono Boost)  
  29  2:39  Probe (Chrono Boost)  
  29  2:40  Stalker  
  33  2:44  Probe (Chrono Boost)  
  33  2:45  Probe (Chrono Boost)  
  33  2:49  Probe (Chrono Boost)  
  35  2:57  Blink (Chrono Boost)  
  35  2:58  Probe  
  35  3:03  Probe  
  37  3:10  Probe, Stalker  
  40  3:15  Probe  
  41  3:22  Gateway  
  41  3:23  Probe  
  41  3:26  Robotics Facility  
  42  3:27  Probe  
  43  3:35  Probe  
  43  3:37  Pylon  
  43  3:41  Gateway  
  44  3:43  Probe  
  44  3:45  Gateway  
  44  3:48  Probe  
  46  3:54  Assimilator  
  46  3:55  Probe  
  47  4:00  Probe  
  48  4:07  Probe  
  49  4:11  Stalker  
  50  4:17  Warp Prism (Chrono Boost)  
  50  4:21  Pylon  
  50  4:22  Stalker  
  54  4:28  Pylon  
  54  4:42  Stalker x3  
  60  4:46  Stalker  
  60  4:47  Observer (Chrono Boost)  
  63  4:53  Nexus  
  63  4:57  Pylon  
  63  5:03  Charge  
  63  5:04  Probe x2  
  63  5:07  Observer (Chrono Boost)  
  66  5:12  Stalker x2  
  70  5:15  Stalker  
  70  5:16  Stalker  
  73  5:27  Probe x2  
  68  5:39  Probe x2  
  66  5:50  Observer  
  66  5:51  Probe x2  
  66  5:53  Stalker x2  
  70  6:04  Probe  
  70  6:09  Probe  
  70  6:10  Stalker  
  70  6:11  Stalker  
  76  6:15  Probe (Chrono Boost)  
  76  6:18  Probe (Chrono Boost)  
  78  6:21  Probe (Chrono Boost)  
  78  6:23  Observer  
  78  6:25  Stalker x2  
  82  6:27  Probe (Chrono Boost)  
  82  6:29  Probe (Chrono Boost)  
  81  6:32  Probe (Chrono Boost)  
  81  6:34  Probe (Chrono Boost)  
  81  6:35  Probe (Chrono Boost)  
  84  6:41  Observer  
  84  6:44  Probe (Chrono Boost)  
  84  6:47  Probe (Chrono Boost)  
  87  6:50  Forge  
  87  6:51  Probe (Chrono Boost), Stalker  
  87  6:52  Stalker x2  
  93  6:56  Pylon  
  93  6:58  Pylon  
  93  7:01  Observer  
  93  7:10  Probe (Chrono Boost)  
  93  7:14  Probe x2 (Chrono Boost)  
  94  7:22  Probe (Chrono Boost)  
  96  7:24  Probe (Chrono Boost)  
  96  7:26  Photon Cannon, Probe (Chrono Boost)  
  96  7:27  Probe (Chrono Boost)  
  96  7:29  Probe (Chrono Boost)  
  98  7:35  Probe  
  98  7:37  Probe  
  101  7:40  Probe  
  102  7:47  Probe  
  102  7:49  Probe  
  104  7:52  Nexus, Probe  
  104  7:53  Zealot x2  
  104  7:54  Pylon  
  108  8:08  Gateway x2, Probe  
  108  8:10  Gateway x2  
  108  8:11  Gateway  
  108  8:12  Probe, Gateway, Pylon  
  110  8:14  Pylon  
  110  8:24  Zealot x2  
  110  8:25  Zealot  
  116  8:31  Shield Battery  
  116  8:33  Shield Battery  
  116  8:42  Zealot  
  116  8:48  Zealot x3  
  126  9:04  Zealot  
  126  9:05  Zealot x4  
  126  9:07  Zealot x2, Pylon  
  126  9:09  Pylon  
  126  9:18  Probe  
  126  9:23  Zealot x3  
  97  9:26  Zealot x4  
  97  9:28  Pylon  
  97  9:29  Zealot, Observer  
  97  9:30  Zealot  
  106  9:45  Zealot x3  
  112  9:47  Stalker x4  
  120  9:55  Zealot  
  120  9:56  Zealot  
Tags
 
Add a new tag
Caveats
  • Supply blocks, unpowered buildings, or Contaminate may cause inaccurate times.
  • Supply counts are checked every 10 seconds.